Staline vs Scraper
(R1)
Created - 18 avril 2015 at 19:19
Goals
|
Staline |
0 |
0 |
2 |
2 |
Scraper |
0 |
2 |
2 |
4 |
|
Shots
|
Staline |
15 |
3 |
14 |
32 |
Scraper |
8 |
16 |
8 |
32 |
|
1st period
No Goal
Penalties :
Evander Kane (Out) for Hooking (Minor) at 1:21, Ilkka Heikkinen (Out) for Roughing (Double Minor) at 13:34
2nd period
1. Scraper , Eric Godard 2 (Ilkka Heikkinen, Riley Armstrong) at 13:47
2. Scraper , Riley Armstrong 2 (Brendan Smith, Ben Eager) at 17:01 (PP)
Penalties :
Theo Peckham (StJ) for High sticking (Minor) at 0:59, Riley Nash (Out) for Interference (Minor) at 3:53, Mason Raymond (StJ) for Hooking (Minor) at 16:26
3rd period
3. Scraper , Daniel Winnik 1 (Ilkka Heikkinen, Denis Shvidki) at 1:28 (PP)
4. Scraper , Eric Godard 3 (Riley Armstrong) at 5:07
5. Staline , James Sheppard 1 (Jared Boll) at 8:58
6. Staline , J.T. Wyman 1 (Mathieu Perreault) at 13:37
Penalties :
Peter Mueller (StJ) for Slashing (Double Minor) at 0:31, Riley Armstrong (Out) for Tripping (Minor) at 6:27, Ben Eager (Out) for Hooking (Minor) at 10:43, Mason Raymond (StJ) for Hooking (Minor) at 11:24
Goalie Stats
Tobias Stephan (StJ), 28 saves from 32 shots - (0,875), L, 1-2-0, 60:00 minutes
Maxime Ouellet (Out), 30 saves from 32 shots - (0,938), W, 1-0-0, 60:00 minutes
Players Stats for Staline
Player Name G A P +/- PIM S H SB GA TA FO MP PP MP PK MP
------------------------------------------------------------------------------------
Andrei Loktionov 0 0 0 -1 0 3 3 1 1 0 11/29 21:07 5:40 1:26
Cam Janssen 0 0 0 -1 0 1 1 0 1 0 0/0 10:43 0:00 0:00
Cody Eakin 0 0 0 1 0 0 0 0 0 0 1/1 6:38 0:00 0:27
Devin Setoguchi 0 0 0 -1 0 6 3 1 1 1 1/1 23:59 5:40 3:41
J.T. Wyman 1 0 1 1 0 6 1 1 0 0 0/0 11:56 0:26 0:01
James Sheppard 1 0 1 1 0 2 0 0 0 0 1/1 7:35 0:00 1:14
Jared Boll 0 1 1 1 0 2 0 0 0 0 0/0 11:07 4:54 0:00
Mason Raymond 0 0 0 -1 4 1 1 0 0 0 0/0 19:40 4:43 1:49
Mathieu Perreault 0 1 1 1 0 1 2 1 0 0 7/10 11:11 0:00 0:00
Michael Del Zotto 0 0 0 0 0 1 2 0 2 0 0/0 20:27 3:51 0:00
Nick Spaling 0 0 0 1 0 1 2 0 1 0 0/0 11:18 0:00 0:05
Peter Mueller 0 0 0 -1 4 2 0 2 0 0 7/18 15:43 4:57 0:00
Pierre-Luc Létourneau 0 0 0 -1 0 1 1 3 0 0 3/9 21:29 5:30 3:39
Stu Bickel 0 0 0 1 0 1 3 1 0 0 0/0 15:22 0:00 3:44
T.J. Fast 0 0 0 0 0 1 2 2 0 1 0/0 29:26 6:43 3:44
Theo Peckham 0 0 0 -1 2 1 0 2 0 0 0/0 18:33 3:51 1:25
Torey Krug 0 0 0 1 0 1 0 1 0 2 0/0 12:02 0:03 1:02
Tyler Cuma 0 0 0 -1 0 1 3 1 1 0 0/0 24:11 6:46 2:27
Players Stats for Scraper
Player Name G A P +/- PIM S H SB GA TA FO MP PP MP PK MP
------------------------------------------------------------------------------------
Ben Eager 0 1 1 2 2 1 2 0 1 0 0/1 21:14 3:54 3:51
Brendan Smith 0 1 1 1 0 2 1 2 0 3 0/0 29:40 3:58 6:42
Cameron Gaunce 0 0 0 -1 0 0 2 2 0 1 0/0 9:12 0:00 1:44
Daniel Winnik 1 0 1 0 0 4 2 1 0 0 0/1 14:19 2:17 0:02
Denis Shvidki 0 1 1 0 0 4 1 0 1 0 0/1 20:39 2:17 5:38
Derek Joslin 0 0 0 1 0 0 0 1 0 0 0/0 29:40 3:58 6:42
Eric Godard 2 0 2 2 0 5 4 1 1 0 8/9 23:33 3:50 5:29
Eric Gryba 0 0 0 1 0 0 2 1 0 0 0/0 19:08 2:13 3:55
Eric Knodel 0 0 0 -1 0 0 0 0 0 0 0/0 3:44 0:00 0:00
Evander Kane 0 0 0 -2 2 0 0 2 0 2 0/0 11:20 0:00 0:15
Ilkka Heikkinen 0 2 2 1 4 5 1 2 0 0 0/0 17:31 2:13 2:11
Jared Cowen 0 0 0 -1 0 0 0 1 0 0 0/0 7:28 0:00 0:00
Jerome Samson 0 0 0 0 0 0 0 0 1 0 0/0 5:46 0:00 0:00
Joe Finley 0 0 0 -1 0 0 0 0 0 0 0/0 3:44 0:00 0:00
Marcus Foligno 0 0 0 0 0 2 1 0 0 0 0/0 8:38 0:04 2:35
Riley Armstrong 1 2 3 2 2 8 1 1 0 0 18/33 20:22 3:54 2:52
Riley Nash 0 0 0 -2 2 0 2 0 0 0 0/5 10:19 0:00 0:00
Roman Horak 0 0 0 0 0 0 0 0 0 0 4/6 6:23 0:00 0:32
Ryan O'Reilly 0 0 0 0 0 0 0 0 0 0 8/13 14:13 2:17 0:00
Valeri Bure 0 0 0 -2 0 1 2 1 0 1 0/0 11:07 0:00 0:00
3 Stars
1 - Eric Godard (Out)
2 - Riley Armstrong (Out)
3 - J.T. Wyman (StJ)
Power Play
Staline - 0 on 6 Attempt(s) - 0,00%
Scraper - 2 on 5 Attempt(s) - 40,00%
Penalty Kill
Staline - 3 on 5 Attempt(s) - 60,00%
- Score 0 goal in Penalty Kill
Scraper - 6 on 6 Attempt(s) - 100,00%
- Score 0 goal in Penalty Kill
Team Stat
Staline - Hits : 24 - Faceoff Wins : 31 - Blocked Shots : 16 - Penalty Minutes : 10
Scraper - Hits : 21 - Faceoff Wins : 38 - Blocked Shots : 15 - Penalty Minutes : 12
Official
Referees : McCauley Wes and Jackson Dave
Linesman : Brian Mach and Scott Cherrey
Game Notes
No Game Note
Finance
Level 1 -- Attendance: 1699 (84,95%) -- Ticket Income 67 960 $
Level 2 -- Attendance: 846 (84,60%) -- Ticket Income 16 920 $
Total Attendance: 2545 (84,83%)
Total Ticket Income: 84 880 $
Other Income: 4 244 $
Total Income: 89 124 $
Staline
5 vs 5 Forward
Center Left Wing Right Wing Time % Phy DF OF
1 Andrei Loktionov Mason Raymond Devin Setoguchi 40 1 2 2
2 Peter Mueller Pierre-Luc Létourneau Cam Janssen 30 1 2 2
3 Mathieu Perreault Nick Spaling J.T. Wyman 20 1 2 2
4 Cody Eakin James Sheppard Jared Boll 10 1 2 2
5 vs 5 Defense
Defense Defense Time % Phy DF OF
1 T.J. Fast Michael Del Zotto 40 1 2 2
2 Theo Peckham Tyler Cuma 30 1 2 2
3 Stu Bickel Torey Krug 20 1 2 2
4 T.J. Fast Tyler Cuma 10 1 2 2
PowerPlay Forward
Center Left Wing Right Wing Time % Phy DF OF
1 Andrei Loktionov Pierre-Luc Létourneau Devin Setoguchi 60 1 2 2
2 Peter Mueller Mason Raymond Jared Boll 40 1 2 2
PowerPlay Defense
Defense Defense Time % Phy DF OF
1 T.J. Fast Tyler Cuma 60 1 2 2
2 Theo Peckham Michael Del Zotto 40 1 2 2
Penalty Kill 4 Players Forward
Center Wing Time % Phy DF OF
1 Pierre-Luc Létourneau Devin Setoguchi 60 1 2 2
2 Mason Raymond Andrei Loktionov 40 1 2 2
Penalty Kill 4 Players Defense
Defense Defense Time % Phy DF OF
1 T.J. Fast Stu Bickel 60 1 2 2
2 Theo Peckham Tyler Cuma 40 1 2 2
Penalty Kill - 3 Players Forward
Forward Time % Phy DF OF
1 Pierre-Luc Létourneau 60 1 2 2
2 Devin Setoguchi 40 1 2 2
Penalty Kill - 3 Players Defense
Defense Defense Time % Phy DF OF
1 T.J. Fast Stu Bickel 60 1 2 2
2 Theo Peckham Tyler Cuma 40 1 2 2
4 vs 4 Forward
Center Wing Time % Phy DF OF
1 Pierre-Luc Létourneau Devin Setoguchi 60 1 2 2
2 Mason Raymond Andrei Loktionov 40 1 2 2
4 vs 4 Defense
Defense Defense Time % Phy DF OF
1 T.J. Fast Stu Bickel 60 1 2 2
2 Theo Peckham Tyler Cuma 40 1 2 2
Last Minutes Offensive
Center Left Wing Right Wing Defense Defense
Andrei Loktionov Pierre-Luc Létourneau Devin Setoguchi T.J. Fast Stu Bickel
Last Minutes Defensive
Center Left Wing Right Wing Defense Defense
Andrei Loktionov Pierre-Luc Létourneau Devin Setoguchi T.J. Fast Stu Bickel
Goaltenders
Starting : Tobias Stephan
Backup : Martin Houle
Extra Forwards
Normal : J.T. Wyman, Nick Spaling, James Sheppard - PP : J.T. Wyman, Nick Spaling - PK : James Sheppard
Extra Defensemen
Normal : Michael Del Zotto, Torey Krug, Theo Peckham - PP : Michael Del Zotto - PK : Torey Krug, Theo Peckham
Penalty Shots
Pierre-Luc Létourneau, Devin Setoguchi, Mason Raymond, Andrei Loktionov, Peter Mueller
Scraper
5 vs 5 Forward
Center Left Wing Right Wing Time % Phy DF OF
1 Riley Armstrong Ben Eager Eric Godard 40 1 2 2
2 Ryan O'Reilly Daniel Winnik Denis Shvidki 30 1 2 2
3 Riley Nash Evander Kane Valeri Bure 20 1 2 2
4 Roman Horak Marcus Foligno Jerome Samson 10 1 2 2
5 vs 5 Defense
Defense Defense Time % Phy DF OF
1 Brendan Smith Derek Joslin 40 1 2 2
2 Ilkka Heikkinen Eric Gryba 30 1 2 2
3 Jared Cowen Cameron Gaunce 20 1 2 2
4 Joe Finley Eric Knodel 10 1 2 2
PowerPlay Forward
Center Left Wing Right Wing Time % Phy DF OF
1 Riley Armstrong Ben Eager Eric Godard 60 1 2 2
2 Ryan O'Reilly Daniel Winnik Denis Shvidki 40 1 2 2
PowerPlay Defense
Defense Defense Time % Phy DF OF
1 Brendan Smith Derek Joslin 60 1 2 2
2 Ilkka Heikkinen Eric Gryba 40 1 2 2
Penalty Kill 4 Players Forward
Center Wing Time % Phy DF OF
1 Eric Godard Denis Shvidki 60 1 2 2
2 Riley Armstrong Ben Eager 40 1 2 2
Penalty Kill 4 Players Defense
Defense Defense Time % Phy DF OF
1 Brendan Smith Derek Joslin 60 1 2 2
2 Ilkka Heikkinen Eric Gryba 40 1 2 2
Penalty Kill - 3 Players Forward
Forward Time % Phy DF OF
1 Eric Godard 60 1 2 2
2 Denis Shvidki 40 1 2 2
Penalty Kill - 3 Players Defense
Defense Defense Time % Phy DF OF
1 Brendan Smith Derek Joslin 60 1 2 2
2 Ilkka Heikkinen Eric Gryba 40 1 2 2
4 vs 4 Forward
Center Wing Time % Phy DF OF
1 Eric Godard Denis Shvidki 60 1 2 2
2 Riley Armstrong Ben Eager 40 1 2 2
4 vs 4 Defense
Defense Defense Time % Phy DF OF
1 Brendan Smith Derek Joslin 60 1 2 2
2 Ilkka Heikkinen Eric Gryba 40 1 2 2
Last Minutes Offensive
Center Left Wing Right Wing Defense Defense
Riley Armstrong Ben Eager Eric Godard Brendan Smith Derek Joslin
Last Minutes Defensive
Center Left Wing Right Wing Defense Defense
Riley Armstrong Ben Eager Eric Godard Brendan Smith Derek Joslin
Goaltenders
Starting : Maxime Ouellet
Backup : Peter Mannino
Extra Forwards
Normal : Valeri Bure, Evander Kane, Marcus Foligno - PP : Valeri Bure, Evander Kane - PK : Marcus Foligno
Extra Defensemen
Normal : Jared Cowen, Cameron Gaunce, Joe Finley - PP : Jared Cowen - PK : Cameron Gaunce, Joe Finley
Penalty Shots
Eric Godard, Denis Shvidki, Riley Armstrong, Ben Eager, Valeri Bure
% Time on Ice - Staline
Lines # - Real PCT - Wanted PCT - Time Play
Normal Forward
1 - 33% - 40% - 13:40
2 - 26% - 30% - 10:52
3 - 27% - 20% - 11:11
4 - 15% - 10% - 6:11
Normal Defense
1 - 42% - 40% - 17:34
2 - 31% - 30% - 13:06
3 - 25% - 20% - 10:31
4 - 2% - 10% - 0:43
PP Forward
1 - 53% - 60% - 5:40
2 - 47% - 40% - 4:57
PP Defense
1 - 64% - 60% - 6:46
2 - 36% - 40% - 3:51
PK Forward
1 - 77% - 60% - 4:45
2 - 23% - 40% - 1:26
PK Defense
1 - 60% - 60% - 3:44
2 - 40% - 40% - 2:27
PK3 Forward
1 - 0% - 60%
2 - 0% - 40%
PK3 Defense
1 - 0% - 60%
2 - 0% - 40%
44 Forward
1 - 77% - 60% - 1:00
2 - 23% - 40% - 0:18
44 Defense
1 - 85% - 60% - 1:06
2 - 15% - 40% - 0:12
Last Minute Offensive - 0:00
Last Minute Defensive - 0:00
Total
Forward - 60:00
Defense - 60:00
|
% Time on Ice - Scraper
Lines # - Real PCT - Wanted PCT - Time Play
Normal Forward
1 - 32% - 40% - 13:25
2 - 30% - 30% - 12:26
3 - 25% - 20% - 10:17
4 - 14% - 10% - 5:46
Normal Defense
1 - 43% - 40% - 18:08
2 - 30% - 30% - 12:34
3 - 18% - 20% - 7:28
4 - 9% - 10% - 3:44
PP Forward
1 - 62% - 60% - 3:50
2 - 38% - 40% - 2:21
PP Defense
1 - 64% - 60% - 3:58
2 - 36% - 40% - 2:13
PK Forward
1 - 67% - 60% - 7:06
2 - 33% - 40% - 3:31
PK Defense
1 - 63% - 60% - 6:42
2 - 37% - 40% - 3:55
PK3 Forward
1 - 0% - 60%
2 - 0% - 40%
PK3 Defense
1 - 0% - 60%
2 - 0% - 40%
44 Forward
1 - 91% - 60% - 1:11
2 - 9% - 40% - 0:07
44 Defense
1 - 67% - 60% - 0:52
2 - 33% - 40% - 0:26
Last Minute Offensive - 0:00
Last Minute Defensive - 0:00
Total
Forward - 60:00
Defense - 60:00
|
Play by Play
1st period
0:01 of 1st period - Andrei Loktionov wins face-off versus Riley Armstrong in neutral zone.
0:11 of 1st period - Snap shot by Riley Armstrong.
0:11 of 1st period - Shot Misses the Net.
0:25 of 1st period - Brendan Smith is hit by Pierre-Luc Létourneau.
0:31 of 1st period - Slapshot by Peter Mueller.
0:31 of 1st period - Shot Blocked by Derek Joslin.
0:54 of 1st period - Valeri Bure is hit by Nick Spaling and loses puck.
1:21 of 1st period - Minor Penalty to Evander Kane for Hooking.
1:22 of 1st period - Andrei Loktionov wins face-off versus Eric Godard in Scraper zone.
1:58 of 1st period - Snap shot by Mason Raymond.
1:58 of 1st period - Shot Blocked by Ilkka Heikkinen.
3:21 of 1st period - Penalty to Evander Kane is over, Evander Kane is back on ice.
3:32 of 1st period - Icing by Devin Setoguchi.
3:33 of 1st period - Roman Horak wins face-off versus Andrei Loktionov in Staline zone.
3:41 of 1st period - Icing by T.J. Fast.
3:42 of 1st period - Andrei Loktionov wins face-off versus Roman Horak in Staline zone.
3:42 of 1st period - Andrei Loktionov is hit by Marcus Foligno.
3:50 of 1st period - Snap shot by Devin Setoguchi.
3:50 of 1st period - Stopped by Maxime Ouellet without a rebound.
3:51 of 1st period - Mathieu Perreault wins face-off versus Riley Armstrong in Scraper zone.
3:52 of 1st period - Snap shot by J.T. Wyman.
3:52 of 1st period - Stopped by Maxime Ouellet without a rebound.
3:53 of 1st period - Riley Armstrong wins face-off versus Mathieu Perreault in Scraper zone.
4:18 of 1st period - Riley Armstrong is hit by Stu Bickel and loses puck.
4:27 of 1st period - Devin Setoguchi is hit by Eric Godard and loses puck.
4:56 of 1st period - Snap shot by Eric Godard.
4:56 of 1st period - Shot Misses the Net.
4:58 of 1st period - Wrist shot by Eric Godard.
4:58 of 1st period - Stopped by Tobias Stephan without a rebound.
4:59 of 1st period - Peter Mueller wins face-off versus Ryan O'Reilly in Staline zone.
4:59 of 1st period - Peter Mueller is hit by Denis Shvidki.
5:07 of 1st period - Snap shot by Peter Mueller.
5:07 of 1st period - Stopped by Maxime Ouellet without a rebound.
5:08 of 1st period - Ryan O'Reilly wins face-off versus Peter Mueller in Scraper zone.
5:15 of 1st period - Snap shot by Denis Shvidki.
5:15 of 1st period - Shot Blocked by Theo Peckham.
5:19 of 1st period - Slapshot by Denis Shvidki.
5:19 of 1st period - Shot Misses the Net.
5:53 of 1st period - Snap shot by Denis Shvidki.
5:53 of 1st period - Stopped by Tobias Stephan with a rebound.
5:55 of 1st period - Slapshot by Derek Joslin.
5:55 of 1st period - Shot Blocked by Pierre-Luc Létourneau.
6:09 of 1st period - Slapshot by Daniel Winnik.
6:09 of 1st period - Stopped by Tobias Stephan with a rebound.
6:11 of 1st period - Snap shot by Brendan Smith.
6:11 of 1st period - Shot Misses the Net.
6:13 of 1st period - Wrist shot by Denis Shvidki.
6:13 of 1st period - Stopped by Tobias Stephan with a rebound.
6:15 of 1st period - Snap shot by Denis Shvidki.
6:15 of 1st period - Shot Misses the Net.
6:43 of 1st period - Wrist shot by Denis Shvidki.
6:43 of 1st period - Stopped by Tobias Stephan without a rebound.
6:44 of 1st period - Riley Armstrong wins face-off versus Andrei Loktionov in Staline zone.
7:10 of 1st period - Michael Del Zotto is hit by Cameron Gaunce.
7:20 of 1st period - Jared Cowen is hit by Stu Bickel and loses puck.
7:33 of 1st period - Jared Boll is hit by Cameron Gaunce and loses puck.
9:25 of 1st period - Ben Eager is hit by Devin Setoguchi and loses puck.
10:22 of 1st period - T.J. Fast is hit by Ilkka Heikkinen and loses puck.
11:05 of 1st period - Icing by James Sheppard.
11:06 of 1st period - Cody Eakin wins face-off versus Riley Nash in Staline zone.
11:15 of 1st period - Slapshot by Cody Eakin.
11:15 of 1st period - Shot Blocked by Cameron Gaunce.
11:17 of 1st period - Slapshot by Stu Bickel.
11:17 of 1st period - Stopped by Maxime Ouellet with a rebound.
11:19 of 1st period - Snap shot by Jared Boll.
11:19 of 1st period - Stopped by Maxime Ouellet with a rebound.
11:21 of 1st period - Wrist shot by Cody Eakin.
11:21 of 1st period - Shot Misses the Net.
11:25 of 1st period - Slapshot by Jared Boll.
11:25 of 1st period - Shot Blocked by Evander Kane.
11:27 of 1st period - Slapshot by James Sheppard.
11:27 of 1st period - Stopped by Maxime Ouellet with a rebound.
11:29 of 1st period - Snap shot by James Sheppard.
11:29 of 1st period - Shot Blocked by Evander Kane.
11:31 of 1st period - Wrist shot by Jared Boll.
11:31 of 1st period - Stopped by Maxime Ouellet without a rebound.
11:32 of 1st period - Riley Armstrong wins face-off versus Andrei Loktionov in Scraper zone.
11:37 of 1st period - Mason Raymond is hit by Eric Godard and loses puck.
11:55 of 1st period - Icing by Devin Setoguchi.
11:56 of 1st period - Ryan O'Reilly wins face-off versus Peter Mueller in Staline zone.
12:21 of 1st period - Mason Raymond is hit by Eric Godard and loses puck.
12:26 of 1st period - Wrist shot by Ben Eager.
12:26 of 1st period - Deflect By Riley Armstrong.
12:26 of 1st period - Stopped by Tobias Stephan with a rebound.
12:28 of 1st period - Slapshot by Ben Eager.
12:28 of 1st period - Deflect By Riley Armstrong.
12:28 of 1st period - Shot Misses the Net.
12:28 of 1st period - Puck is out of play.
12:29 of 1st period - Andrei Loktionov wins face-off versus Riley Armstrong in Staline zone.
12:29 of 1st period - Andrei Loktionov is hit by Eric Godard.
12:53 of 1st period - Andrei Loktionov is hit by Ben Eager and loses puck.
13:04 of 1st period - Riley Armstrong is hit by Devin Setoguchi and loses puck.
13:11 of 1st period - Snap shot by Andrei Loktionov.
13:11 of 1st period - Shot Blocked by Eric Godard.
13:15 of 1st period - Snap shot by Devin Setoguchi.
13:15 of 1st period - Shot Hit the Post.
13:17 of 1st period - Snap shot by Devin Setoguchi.
13:17 of 1st period - Stopped by Maxime Ouellet with a rebound.
13:19 of 1st period - Wrist shot by Mason Raymond.
13:19 of 1st period - Shot Misses the Net.
13:21 of 1st period - Backhand shot by Devin Setoguchi.
13:21 of 1st period - Shot Misses the Net.
13:27 of 1st period - Slapshot by Andrei Loktionov.
13:27 of 1st period - Shot Misses the Net.
13:29 of 1st period - Wrist shot by Andrei Loktionov.
13:29 of 1st period - Stopped by Maxime Ouellet with a rebound.
13:31 of 1st period - Slapshot by Devin Setoguchi.
13:31 of 1st period - Deflect By Mason Raymond.
13:31 of 1st period - Shot Blocked by Brendan Smith.
13:31 of 1st period - Puck is out of play.
13:32 of 1st period - Ryan O'Reilly wins face-off versus Peter Mueller in Scraper zone.
13:34 of 1st period - Double Minor Penalty to Ilkka Heikkinen for Roughing.
13:35 of 1st period - Eric Godard wins face-off versus Peter Mueller in Scraper zone.
14:21 of 1st period - Slapshot by Ben Eager.
14:21 of 1st period - Stopped by Tobias Stephan without a rebound.
14:22 of 1st period - Riley Armstrong wins face-off versus Andrei Loktionov in Staline zone.
14:27 of 1st period - Snap shot by Riley Armstrong.
14:27 of 1st period - Shot Blocked by Pierre-Luc Létourneau.
14:33 of 1st period - Ben Eager is hit by Andrei Loktionov and loses puck.
15:13 of 1st period - Snap shot by Riley Armstrong.
15:13 of 1st period - Stopped by Tobias Stephan without a rebound.
15:14 of 1st period - Riley Armstrong wins face-off versus Peter Mueller in Staline zone.
15:21 of 1st period - Snap shot by Peter Mueller.
15:21 of 1st period - Stopped by Maxime Ouellet with a rebound.
15:23 of 1st period - Slapshot by Theo Peckham.
15:23 of 1st period - Deflect By Riley Armstrong.
15:23 of 1st period - Stopped by Maxime Ouellet without a rebound.
15:24 of 1st period - Andrei Loktionov wins face-off versus Denis Shvidki in Scraper zone.
15:27 of 1st period - Snap shot by Pierre-Luc Létourneau.
15:27 of 1st period - Stopped by Maxime Ouellet without a rebound.
15:28 of 1st period - Eric Godard wins face-off versus Andrei Loktionov in Scraper zone.
16:14 of 1st period - Wrist shot by Devin Setoguchi.
16:14 of 1st period - Stopped by Maxime Ouellet without a rebound.
16:15 of 1st period - Eric Godard wins face-off versus Peter Mueller in Scraper zone.
16:26 of 1st period - Wrist shot by Peter Mueller.
16:26 of 1st period - Shot Misses the Net.
16:28 of 1st period - Snap shot by Mason Raymond.
16:28 of 1st period - Stopped by Maxime Ouellet with a rebound.
16:46 of 1st period - Ben Eager is hit by Mason Raymond and loses puck.
17:34 of 1st period - Penalty to Ilkka Heikkinen is over, Ilkka Heikkinen is back on ice.
17:41 of 1st period - Wrist shot by Peter Mueller.
17:41 of 1st period - Deflect By J.T. Wyman.
17:41 of 1st period - Shot Blocked by Riley Armstrong.
17:41 of 1st period - Puck is out of play.
17:42 of 1st period - Mathieu Perreault wins face-off versus Riley Nash in Scraper zone.
18:50 of 1st period - Wrist shot by Eric Godard.
18:50 of 1st period - Shot Misses the Net.
19:02 of 1st period - Snap shot by J.T. Wyman.
19:02 of 1st period - Stopped by Maxime Ouellet with a rebound.
Goals for this period are 0 for Staline vs 0 for Scraper.
Shots for this period are 15 for Staline vs 8 for Scraper.
2nd period
0:01 of 2nd period - Riley Armstrong wins face-off versus Andrei Loktionov in neutral zone.
0:14 of 2nd period - Snap shot by Riley Armstrong.
0:14 of 2nd period - Shot Misses the Net.
0:16 of 2nd period - Slapshot by Ilkka Heikkinen.
0:16 of 2nd period - Stopped by Tobias Stephan without a rebound.
0:17 of 2nd period - Peter Mueller wins face-off versus Ryan O'Reilly in Staline zone.
0:44 of 2nd period - Andrei Loktionov is hit by Brendan Smith and loses puck.
0:59 of 2nd period - Minor Penalty to Theo Peckham for High sticking.
1:00 of 2nd period - Riley Armstrong wins face-off versus Pierre-Luc Létourneau in Staline zone.
1:01 of 2nd period - Snap shot by Eric Godard.
1:01 of 2nd period - Stopped by Tobias Stephan with a rebound.
1:31 of 2nd period - Denis Shvidki is hit by Tyler Cuma and loses puck.
2:12 of 2nd period - Denis Shvidki is hit by Stu Bickel and loses puck.
2:59 of 2nd period - Penalty to Theo Peckham is over, Theo Peckham is back on ice.
3:12 of 2nd period - Ilkka Heikkinen is hit by J.T. Wyman and loses puck.
3:53 of 2nd period - Minor Penalty to Riley Nash for Interference.
3:54 of 2nd period - Eric Godard wins face-off versus Andrei Loktionov in Scraper zone.
5:53 of 2nd period - Penalty to Riley Nash is over, Riley Nash is back on ice.
5:59 of 2nd period - Slapshot by Valeri Bure.
5:59 of 2nd period - Shot Misses the Net.
6:05 of 2nd period - Derek Joslin is hit by Tyler Cuma and loses puck.
6:34 of 2nd period - Slapshot by Marcus Foligno.
6:34 of 2nd period - Stopped by Tobias Stephan without a rebound.
6:35 of 2nd period - Mathieu Perreault wins face-off versus Roman Horak in Staline zone.
6:40 of 2nd period - Slapshot by J.T. Wyman.
6:40 of 2nd period - Stopped by Maxime Ouellet with a rebound.
7:14 of 2nd period - Wrist shot by Denis Shvidki.
7:14 of 2nd period - Shot Misses the Net.
7:46 of 2nd period - Slapshot by Ilkka Heikkinen.
7:46 of 2nd period - Stopped by Tobias Stephan with a rebound.
8:06 of 2nd period - Ilkka Heikkinen is hit by Devin Setoguchi and loses puck.
8:13 of 2nd period - Devin Setoguchi is hit by Riley Armstrong and loses puck.
8:33 of 2nd period - Peter Mueller is hit by Daniel Winnik and loses puck.
9:47 of 2nd period - Wrist shot by Denis Shvidki.
9:47 of 2nd period - Shot Blocked by Peter Mueller.
11:01 of 2nd period - Icing by Tyler Cuma.
11:02 of 2nd period - Roman Horak wins face-off versus Peter Mueller in Staline zone.
11:37 of 2nd period - Wrist shot by Ilkka Heikkinen.
11:37 of 2nd period - Shot Blocked by Theo Peckham.
11:39 of 2nd period - Wrist shot by Ilkka Heikkinen.
11:39 of 2nd period - Stopped by Tobias Stephan without a rebound.
11:40 of 2nd period - Andrei Loktionov wins face-off versus Riley Armstrong in Staline zone.
11:55 of 2nd period - Wrist shot by Devin Setoguchi.
11:55 of 2nd period - Shot Misses the Net.
12:05 of 2nd period - Daniel Winnik is hit by Mathieu Perreault and loses puck.
12:10 of 2nd period - Slapshot by Tyler Cuma.
12:10 of 2nd period - Shot Misses the Net.
13:13 of 2nd period - Backhand shot by Riley Armstrong.
13:13 of 2nd period - Stopped by Tobias Stephan without a rebound.
13:14 of 2nd period - Ryan O'Reilly wins face-off versus Andrei Loktionov in Staline zone.
13:17 of 2nd period - Snap shot by Denis Shvidki.
13:17 of 2nd period - Stopped by Tobias Stephan without a rebound.
13:18 of 2nd period - Ryan O'Reilly wins face-off versus Andrei Loktionov in Staline zone.
13:43 of 2nd period - Snap shot by Riley Armstrong.
13:43 of 2nd period - Shot Misses the Net.
13:45 of 2nd period - Snap shot by Ilkka Heikkinen.
13:45 of 2nd period - Stopped by Tobias Stephan with a rebound.
13:47 of 2nd period - Snap shot by Eric Godard.
13:47 of 2nd period - Goal by Eric Godard - Staline : 0 - Scraper : 1.
13:48 of 2nd period - Riley Armstrong wins face-off versus Andrei Loktionov in neutral zone.
13:55 of 2nd period - Wrist shot by Devin Setoguchi.
13:55 of 2nd period - Shot Blocked by Eric Gryba.
15:07 of 2nd period - Snap shot by J.T. Wyman.
15:07 of 2nd period - Stopped by Maxime Ouellet without a rebound.
15:08 of 2nd period - Mathieu Perreault wins face-off versus Riley Armstrong in Scraper zone.
15:56 of 2nd period - Off-side.
15:57 of 2nd period - Peter Mueller wins face-off versus Riley Nash in neutral zone.
16:00 of 2nd period - Snap shot by Michael Del Zotto.
16:00 of 2nd period - Shot Blocked by Jared Cowen.
16:02 of 2nd period - Slapshot by Michael Del Zotto.
16:02 of 2nd period - Shot Blocked by Cameron Gaunce.
16:04 of 2nd period - Wrist shot by Peter Mueller.
16:04 of 2nd period - Deflect By Pierre-Luc Létourneau.
16:04 of 2nd period - Shot Blocked by Valeri Bure.
16:04 of 2nd period - Puck is out of play.
16:05 of 2nd period - Andrei Loktionov wins face-off versus Riley Armstrong in Scraper zone.
16:16 of 2nd period - Slapshot by Ilkka Heikkinen.
16:16 of 2nd period - Stopped by Tobias Stephan with a rebound.
16:18 of 2nd period - Snap shot by Eric Godard.
16:18 of 2nd period - Stopped by Tobias Stephan with a rebound.
16:20 of 2nd period - Snap shot by Eric Godard.
16:20 of 2nd period - Deflect By Riley Armstrong.
16:20 of 2nd period - Stopped by Tobias Stephan with a rebound.
16:26 of 2nd period - Minor Penalty to Mason Raymond for Hooking.
16:27 of 2nd period - Riley Armstrong wins face-off versus Pierre-Luc Létourneau in Staline zone.
16:42 of 2nd period - Icing by Ben Eager.
16:43 of 2nd period - Riley Armstrong wins face-off versus Pierre-Luc Létourneau in Scraper zone.
16:43 of 2nd period - Riley Armstrong is hit by T.J. Fast.
17:01 of 2nd period - Snap shot by Riley Armstrong.
17:01 of 2nd period - Goal by Riley Armstrong - Staline : 0 - Scraper : 2.
17:02 of 2nd period - Andrei Loktionov wins face-off versus Riley Armstrong in neutral zone.
17:13 of 2nd period - Wrist shot by Devin Setoguchi.
17:13 of 2nd period - Deflect By Mason Raymond.
17:13 of 2nd period - Shot Misses the Net.
17:13 of 2nd period - Puck is out of play.
17:14 of 2nd period - Andrei Loktionov wins face-off versus Riley Armstrong in Scraper zone.
18:29 of 2nd period - Slapshot by Daniel Winnik.
18:29 of 2nd period - Stopped by Tobias Stephan without a rebound.
18:30 of 2nd period - Riley Armstrong wins face-off versus Mathieu Perreault in Staline zone.
18:33 of 2nd period - Snap shot by Eric Godard.
18:33 of 2nd period - Shot Blocked by Torey Krug.
18:35 of 2nd period - Snap shot by Riley Armstrong.
18:35 of 2nd period - Stopped by Tobias Stephan with a rebound.
18:37 of 2nd period - Snap shot by Riley Armstrong.
18:37 of 2nd period - Stopped by Tobias Stephan with a rebound.
18:39 of 2nd period - Slapshot by Riley Armstrong.
18:39 of 2nd period - Shot Misses the Net.
18:41 of 2nd period - Slapshot by Eric Gryba.
18:41 of 2nd period - Shot Misses the Net.
18:55 of 2nd period - Devin Setoguchi is hit by Riley Nash and loses puck.
19:06 of 2nd period - Wrist shot by Torey Krug.
19:06 of 2nd period - Stopped by Maxime Ouellet without a rebound.
19:07 of 2nd period - Riley Armstrong wins face-off versus Peter Mueller in Scraper zone.
19:18 of 2nd period - Cameron Gaunce is hit by Cam Janssen and loses puck.
19:33 of 2nd period - Devin Setoguchi is hit by Valeri Bure and loses puck.
19:58 of 2nd period - Daniel Winnik is hit by T.J. Fast and loses puck.
Goals for this period are 0 for Staline vs 2 for Scraper.
Shots for this period are 3 for Staline vs 16 for Scraper.
3rd period
0:01 of 3rd period - Devin Setoguchi wins face-off versus Riley Armstrong in neutral zone.
0:04 of 3rd period - Backhand shot by Michael Del Zotto.
0:04 of 3rd period - Stopped by Maxime Ouellet with a rebound.
0:16 of 3rd period - Snap shot by Riley Armstrong.
0:16 of 3rd period - Stopped by Tobias Stephan without a rebound.
0:17 of 3rd period - Ryan O'Reilly wins face-off versus Peter Mueller in Staline zone.
0:21 of 3rd period - Icing by Cam Janssen.
0:22 of 3rd period - Peter Mueller wins face-off versus Ryan O'Reilly in Staline zone.
0:26 of 3rd period - Icing by Cam Janssen.
0:27 of 3rd period - Ryan O'Reilly wins face-off versus Peter Mueller in Staline zone.
0:31 of 3rd period - Double Minor Penalty to Peter Mueller for Slashing.
0:32 of 3rd period - Riley Armstrong wins face-off versus Pierre-Luc Létourneau in Staline zone.
1:16 of 3rd period - Backhand shot by Eric Godard.
1:16 of 3rd period - Deflect By Ben Eager.
1:16 of 3rd period - Shot Misses the Net.
1:16 of 3rd period - Puck is out of play.
1:17 of 3rd period - Ryan O'Reilly wins face-off versus Pierre-Luc Létourneau in Staline zone.
1:22 of 3rd period - Backhand shot by Denis Shvidki.
1:22 of 3rd period - Shot Blocked by Pierre-Luc Létourneau.
1:24 of 3rd period - Snap shot by Daniel Winnik.
1:24 of 3rd period - Shot Blocked by Tyler Cuma.
1:26 of 3rd period - Slapshot by Ilkka Heikkinen.
1:26 of 3rd period - Shot Misses the Net.
1:28 of 3rd period - Snap shot by Ilkka Heikkinen.
1:28 of 3rd period - Deflect By Daniel Winnik.
1:28 of 3rd period - Goal by Daniel Winnik - Staline : 0 - Scraper : 3.
1:29 of 3rd period - Pierre-Luc Létourneau wins face-off versus Ben Eager in neutral zone.
1:41 of 3rd period - Icing by Brendan Smith.
1:42 of 3rd period - Pierre-Luc Létourneau wins face-off versus Riley Armstrong in Scraper zone.
1:43 of 3rd period - Snap shot by Devin Setoguchi.
1:43 of 3rd period - Stopped by Maxime Ouellet with a rebound.
1:51 of 3rd period - Slapshot by Riley Armstrong.
1:51 of 3rd period - Shot Misses the Net.
1:53 of 3rd period - Snap shot by Ben Eager.
1:53 of 3rd period - Deflect By Eric Godard.
1:53 of 3rd period - Shot Blocked by Stu Bickel.
1:53 of 3rd period - Puck is out of play.
1:54 of 3rd period - Pierre-Luc Létourneau wins face-off versus Riley Armstrong in Staline zone.
2:20 of 3rd period - Denis Shvidki is hit by Andrei Loktionov and loses puck.
2:39 of 3rd period - Devin Setoguchi is hit by Eric Gryba and loses puck.
3:28 of 3rd period - Penalty to Peter Mueller is over, Peter Mueller is back on ice.
3:44 of 3rd period - Mathieu Perreault is hit by Eric Gryba and loses puck.
3:51 of 3rd period - Mathieu Perreault is hit by Riley Nash and loses puck.
4:15 of 3rd period - Slapshot by Evander Kane.
4:15 of 3rd period - Shot Blocked by T.J. Fast.
4:17 of 3rd period - Slapshot by Jared Cowen.
4:17 of 3rd period - Shot Blocked by T.J. Fast.
4:19 of 3rd period - Wrist shot by Valeri Bure.
4:19 of 3rd period - Shot Blocked by Mathieu Perreault.
4:21 of 3rd period - Slapshot by Evander Kane.
4:21 of 3rd period - Shot Blocked by J.T. Wyman.
4:45 of 3rd period - Snap shot by Valeri Bure.
4:45 of 3rd period - Shot Misses the Net.
4:47 of 3rd period - Slapshot by Valeri Bure.
4:47 of 3rd period - Stopped by Tobias Stephan without a rebound.
4:48 of 3rd period - Riley Armstrong wins face-off versus Andrei Loktionov in Staline zone.
4:51 of 3rd period - Snap shot by Ben Eager.
4:51 of 3rd period - Shot Misses the Net.
4:53 of 3rd period - Snap shot by Ben Eager.
4:53 of 3rd period - Shot Misses the Net.
4:55 of 3rd period - Snap shot by Ben Eager.
4:55 of 3rd period - Shot Misses the Net.
4:57 of 3rd period - Slapshot by Brendan Smith.
4:57 of 3rd period - Stopped by Tobias Stephan with a rebound.
4:59 of 3rd period - Slapshot by Derek Joslin.
4:59 of 3rd period - Deflect By Ben Eager.
4:59 of 3rd period - Shot Blocked by Andrei Loktionov.
4:59 of 3rd period - Puck is out of play.
5:00 of 3rd period - Riley Armstrong wins face-off versus Andrei Loktionov in Staline zone.
5:07 of 3rd period - Slapshot by Eric Godard.
5:07 of 3rd period - Goal by Eric Godard - Staline : 0 - Scraper : 4.
5:08 of 3rd period - Riley Armstrong wins face-off versus Andrei Loktionov in neutral zone.
5:35 of 3rd period - Daniel Winnik is hit by Michael Del Zotto and loses puck.
5:56 of 3rd period - Backhand shot by Marcus Foligno.
5:56 of 3rd period - Stopped by Tobias Stephan without a rebound.
5:57 of 3rd period - Roman Horak wins face-off versus Mathieu Perreault in Staline zone.
6:12 of 3rd period - Slapshot by T.J. Fast.
6:12 of 3rd period - Deflect By Nick Spaling.
6:12 of 3rd period - Shot Misses the Net.
6:12 of 3rd period - Puck is out of play.
6:13 of 3rd period - Riley Armstrong wins face-off versus Andrei Loktionov in Scraper zone.
6:24 of 3rd period - Icing by Andrei Loktionov.
6:25 of 3rd period - Riley Armstrong wins face-off versus Andrei Loktionov in Staline zone.
6:27 of 3rd period - Minor Penalty to Riley Armstrong for Tripping.
6:28 of 3rd period - Eric Godard wins face-off versus Andrei Loktionov in Scraper zone.
6:41 of 3rd period - Off-side.
6:42 of 3rd period - Eric Godard wins face-off versus Andrei Loktionov in neutral zone.
6:45 of 3rd period - Slapshot by Brendan Smith.
6:45 of 3rd period - Shot Misses the Net.
7:11 of 3rd period - Slapshot by T.J. Fast.
7:11 of 3rd period - Shot Misses the Net.
8:27 of 3rd period - Penalty to Riley Armstrong is over, Riley Armstrong is back on ice.
8:42 of 3rd period - Wrist shot by J.T. Wyman.
8:42 of 3rd period - Stopped by Maxime Ouellet with a rebound.
8:58 of 3rd period - Wrist shot by James Sheppard.
8:58 of 3rd period - Goal by James Sheppard - Staline : 1 - Scraper : 4.
8:59 of 3rd period - Mathieu Perreault wins face-off versus Riley Armstrong in neutral zone.
9:24 of 3rd period - Wrist shot by Evander Kane.
9:24 of 3rd period - Shot Blocked by Devin Setoguchi.
9:34 of 3rd period - Wrist shot by Devin Setoguchi.
9:34 of 3rd period - Stopped by Maxime Ouellet without a rebound.
9:35 of 3rd period - Peter Mueller wins face-off versus Riley Armstrong in Scraper zone.
9:40 of 3rd period - Wrist shot by Cam Janssen.
9:40 of 3rd period - Stopped by Maxime Ouellet without a rebound.
9:41 of 3rd period - Peter Mueller wins face-off versus Riley Armstrong in Scraper zone.
10:14 of 3rd period - Snap shot by Devin Setoguchi.
10:14 of 3rd period - Stopped by Maxime Ouellet without a rebound.
10:15 of 3rd period - Peter Mueller wins face-off versus Ryan O'Reilly in Scraper zone.
10:43 of 3rd period - Minor Penalty to Ben Eager for Hooking.
10:44 of 3rd period - Eric Godard wins face-off versus Andrei Loktionov in Scraper zone.
10:55 of 3rd period - Brendan Smith is hit by Tyler Cuma and loses puck.
11:22 of 3rd period - Slapshot by Brendan Smith.
11:22 of 3rd period - Shot Blocked by Peter Mueller.
11:24 of 3rd period - Minor Penalty to Mason Raymond for Hooking.
11:25 of 3rd period - Eric Godard wins face-off versus Pierre-Luc Létourneau in Staline zone.
12:43 of 3rd period - Penalty to Ben Eager is over, Ben Eager is back on ice.
12:50 of 3rd period - Slapshot by Brendan Smith.
12:50 of 3rd period - Stopped by Tobias Stephan with a rebound.
12:52 of 3rd period - Snap shot by Ryan O'Reilly.
12:52 of 3rd period - Deflect By Daniel Winnik.
12:52 of 3rd period - Stopped by Tobias Stephan without a rebound.
12:53 of 3rd period - James Sheppard wins face-off versus Ryan O'Reilly in Staline zone.
13:10 of 3rd period - Devin Setoguchi is hit by Ben Eager and loses puck.
13:24 of 3rd period - Penalty to Mason Raymond is over, Mason Raymond is back on ice.
13:35 of 3rd period - Snap shot by T.J. Fast.
13:35 of 3rd period - Stopped by Maxime Ouellet without a rebound.
13:36 of 3rd period - Mathieu Perreault wins face-off versus Riley Nash in Scraper zone.
13:37 of 3rd period - Snap shot by J.T. Wyman.
13:37 of 3rd period - Goal by J.T. Wyman - Staline : 2 - Scraper : 4.
13:38 of 3rd period - Andrei Loktionov wins face-off versus Riley Armstrong in neutral zone.
13:43 of 3rd period - Slapshot by Andrei Loktionov.
13:43 of 3rd period - Stopped by Maxime Ouellet with a rebound.
13:45 of 3rd period - Wrist shot by Andrei Loktionov.
13:45 of 3rd period - Shot Blocked by Brendan Smith.
13:47 of 3rd period - Snap shot by Andrei Loktionov.
13:47 of 3rd period - Stopped by Maxime Ouellet with a rebound.
13:49 of 3rd period - Slapshot by Devin Setoguchi.
13:49 of 3rd period - Shot Misses the Net.
13:51 of 3rd period - Snap shot by Mason Raymond.
13:51 of 3rd period - Shot Misses the Net.
13:53 of 3rd period - Wrist shot by Devin Setoguchi.
13:53 of 3rd period - Shot Misses the Net.
14:03 of 3rd period - Brendan Smith is hit by Michael Del Zotto.
14:54 of 3rd period - Icing by Theo Peckham.
14:55 of 3rd period - Mathieu Perreault wins face-off versus Daniel Winnik in Staline zone.
15:04 of 3rd period - Slapshot by Nick Spaling.
15:04 of 3rd period - Shot Misses the Net.
15:10 of 3rd period - Snap shot by Nick Spaling.
15:10 of 3rd period - Stopped by Maxime Ouellet with a rebound.
15:28 of 3rd period - Snap shot by Mathieu Perreault.
15:28 of 3rd period - Shot Blocked by Daniel Winnik.
15:30 of 3rd period - Snap shot by Nick Spaling.
15:30 of 3rd period - Shot Misses the Net.
15:50 of 3rd period - Ryan O'Reilly is hit by Nick Spaling and loses puck.
15:57 of 3rd period - Wrist shot by Mathieu Perreault.
15:57 of 3rd period - Stopped by Maxime Ouellet with a rebound.
15:59 of 3rd period - Slapshot by Tyler Cuma.
15:59 of 3rd period - Shot Blocked by Ilkka Heikkinen.
16:05 of 3rd period - Slapshot by Tyler Cuma.
16:05 of 3rd period - Deflect By Denis Shvidki.
16:05 of 3rd period - Stopped by Maxime Ouellet without a rebound.
16:06 of 3rd period - Andrei Loktionov wins face-off versus Riley Nash in Scraper zone.
16:07 of 3rd period - Snap shot by Devin Setoguchi.
16:07 of 3rd period - Shot Misses the Net.
17:13 of 3rd period - Jared Cowen is hit by Andrei Loktionov and loses puck.
17:30 of 3rd period - Cam Janssen is hit by Valeri Bure.
18:37 of 3rd period - Icing by Joe Finley.
18:38 of 3rd period - Roman Horak wins face-off versus Peter Mueller in Scraper zone.
19:21 of 3rd period - Jared Cowen is hit by Mathieu Perreault and loses puck.
19:28 of 3rd period - Torey Krug is hit by Daniel Winnik and loses puck.
Goals for this period are 2 for Staline vs 2 for Scraper.
Shots for this period are 14 for Staline vs 8 for Scraper.
Output by the SimonT Hockey Simulator (STHS) for François Prévost -- Original Page W3C XHTML 1.0 Valid